General information
- name: BNet
- type: Ladder team game (AT/RT)
- host: Battle.net
- saver: amoodhouse
map: Deadlands
- players: 8
- length: 146:59
- speed: Fast
- version: 1.18 W3XP
- replay type: Public
» download(549 KB)
Players
team 1 (winner)

»
angry-dykes (
green | 47 APM | 6898 actions | 146:57)
10 Death Knight
3 Death Coil
3 Unholy Aura
3 Death Pact
1 Animate Dead
3 Demon Hunter
3 Mana Burn
6 Keeper of the Grove
3 Entangling Roots
2 Force of Nature
1 Tranquility
» actions
| Assign group hotkey | 38 | |
| Basic commands | 909 | |
| Build / train | 64 | |
| Enter build submenu | 14 | |
| Enter hero's abilities submenu | 19 | |
| Give item / drop item | 7 | |
| Right click | 3407 | |
| Select / deselect | 485 | |
| Select group hotkey | 1731 | |
| Use ability | 224 | |
6898 total
» units
| Acolyte | 2 | |
| Ghoul | 4 | |
| Crypt Fiend | 3 | |
| Hippogryph | 10 | |
| Chimaera | 2 | |
21 total
» upgrades
| Creature Carapace | 1 | |
| Creature Attack | 1 | |
| Nature's Blessing | 1 | |
3 total
» buildings
| Altar of Darkness | 1 | |
| Ziggurat | 3 | |
| Crypt | 1 | |
| Nerubian Tower | 1 | |
| Graveyard | 1 | |
| Tomb of Relics | 1 | |
| Halls of the Dead | 1 | |
| Spirit Tower | 1 | |
| Tree of Ages | 1 | |
| Moon Well | 1 | |
| Tree of Life | 3 | |
| Tree of Eternity | 1 | |
| Ancient of Wind | 1 | |
| Altar of Elders | 1 | |
18 total
» build order
00:11 Altar of Darkness
00:15 Ziggurat
00:28 Crypt
01:07 Nerubian Tower
01:24 Graveyard
01:49 Tomb of Relics
02:31 Ziggurat
04:19 Halls of the Dead
05:12 Spirit Tower
05:40 Ziggurat
69:14 Tree of Ages
69:30 Moon Well
69:50 Tree of Life
77:46 Tree of Eternity
79:05 Ancient of Wind
82:13 Altar of Elders
94:38 Tree of Life
95:12 Tree of Life
» items
| Rod of Necromancy | 1 | |
| Dust of Appearance | 2 | |
| Lesser Clarity Potion | 1 | |
| Orb of Venom | 3 | |
| Potion of Healing | 6 | |
| Potion of Mana | 1 | |
14 total
TheMaster123456 (
teal | 24 APM | 364 actions | 15:14)
1 Mountain King
1 Storm Bolt
» actions
| Build / train | 23 | |
| ESC pressed | 1 | |
| Enter build submenu | 11 | |
| Enter hero's abilities submenu | 1 | |
| Remove unit from queue | 1 | |
| Right click | 190 | |
| Select / deselect | 125 | |
| Use ability | 12 | |
364 total
» units
» buildings
| Blacksmith | 1 | |
| Altar of Kings | 1 | |
| Farm | 5 | |
| Lumber Mill | 1 | |
| Keep | 1 | |
| Workshop | 2 | |
| Castle | 1 | |
12 total
» build order
00:11 Blacksmith
00:13 Altar of Kings
00:15 Farm
01:34 Lumber Mill
02:06 Farm
02:41 Keep
03:18 Farm
03:57 Farm
04:35 Farm
05:07 Workshop
05:11 Workshop
05:31 Castle
amoodhouse (
orange | 38 APM | 5536 actions | 146:59)
10 Keeper of the Grove
3 Force of Nature
3 Entangling Roots
3 Thorns Aura
1 Tranquility
» actions
| Assign group hotkey | 22 | |
| Basic commands | 202 | |
| Build / train | 242 | |
| Enter build submenu | 92 | |
| Enter hero's abilities submenu | 10 | |
| Give item / drop item | 2 | |
| Remove unit from queue | 27 | |
| Right click | 3078 | |
| Select / deselect | 789 | |
| Select group hotkey | 676 | |
| Use ability | 396 | |
5536 total
» units
| Wisp | 109 | |
| Glaive Thrower | 18 | |
| Hippogryph | 13 | |
| Archer | 33 | |
173 total
» upgrades
| Ultravision | 1 | |
| Nature's Blessing | 1 | |
| Well Spring | 1 | |
| Strength of the Moon | 3 | |
| Moon Armor | 3 | |
| Vorpal Blades | 1 | |
| Reinforced Hides | 3 | |
| Strength of the Wild | 3 | |
| Marksmanship | 1 | |
| Improved Bows | 1 | |
| Hippogryph Taming | 1 | |
19 total
» buildings
| Altar of Elders | 1 | |
| Moon Well | 18 | |
| Ancient of Wonders | 1 | |
| Hunter's Hall | 1 | |
| Tree of Ages | 2 | |
| Tree of Life | 17 | |
| Tree of Eternity | 2 | |
| Ancient Protector | 57 | |
| Ancient of War | 1 | |
| Ancient of Wind | 2 | |
102 total
» build order
00:06 Altar of Elders
00:11 Moon Well
01:06 Moon Well
01:46 Ancient of Wonders
01:52 Hunter's Hall
02:06 Moon Well
03:10 Moon Well
03:30 Tree of Ages
04:22 Moon Well
05:35 Moon Well
06:31 Tree of Life
06:37 Tree of Life
06:42 Tree of Life
06:47 Tree of Life
06:55 Tree of Life
07:02 Moon Well
07:04 Moon Well
07:10 Moon Well
07:19 Tree of Life
08:54 Tree of Life
09:03 Tree of Life
10:18 Tree of Life
10:24 Tree of Life
13:43 Tree of Life
13:45 Tree of Life
13:46 Tree of Life
13:50 Tree of Life
17:52 Tree of Eternity
21:38 Moon Well
21:40 Moon Well
21:41 Moon Well
21:42 Moon Well
21:43 Moon Well
21:44 Moon Well
21:45 Moon Well
21:47 Moon Well
21:48 Moon Well
24:46 Ancient Protector
24:54 Ancient Protector
24:58 Ancient Protector
27:26 Ancient Protector
27:28 Ancient Protector
27:29 Ancient Protector
28:21 Ancient Protector
30:05 Ancient Protector
30:06 Ancient Protector
30:08 Ancient Protector
31:56 Ancient Protector
35:41 Ancient Protector
38:58 Ancient Protector
39:00 Ancient Protector
39:01 Ancient Protector
39:03 Ancient Protector
40:25 Ancient Protector
40:26 Ancient Protector
40:29 Ancient Protector
41:09 Ancient Protector
44:00 Ancient of War
47:47 Ancient Protector
47:49 Ancient Protector
47:51 Ancient Protector
47:54 Ancient Protector
47:55 Ancient Protector
47:57 Ancient Protector
53:52 Tree of Ages
55:02 Ancient Protector
55:04 Ancient Protector
55:06 Ancient Protector
55:08 Ancient Protector
55:11 Ancient Protector
60:56 Tree of Life
61:31 Ancient Protector
61:33 Ancient Protector
61:36 Ancient Protector
61:38 Ancient Protector
62:30 Ancient Protector
62:31 Ancient Protector
62:49 Tree of Eternity
65:00 Ancient Protector
65:01 Ancient Protector
65:04 Ancient Protector
65:10 Ancient Protector
65:12 Ancient Protector
65:14 Ancient Protector
65:17 Ancient Protector
65:29 Ancient Protector
67:19 Tree of Life
70:35 Ancient Protector
70:40 Ancient Protector
77:37 Ancient of Wind
77:40 Ancient of Wind
102:47 Tree of Life
103:47 Ancient Protector
103:48 Ancient Protector
103:50 Ancient Protector
103:51 Ancient Protector
103:53 Ancient Protector
106:49 Ancient Protector
106:54 Ancient Protector
107:46 Ancient Protector
107:47 Ancient Protector
107:49 Ancient Protector
» items
| Potion of Mana | 3 | |
| Potion of Healing | 1 | |
| Orb of Venom | 1 | |
| Dust of Appearance | 2 | |
| Periapt of Vitality | 1 | |
8 total

»
Royal-Scout (
red | 28 APM | 1918 actions | 68:55)
7 Demon Hunter
3 Immolation
3 Evasion
1 Metamorphosis
» actions
| Basic commands | 36 | |
| Build / train | 119 | |
| Enter build submenu | 33 | |
| Enter hero's abilities submenu | 7 | |
| Give item / drop item | 2 | |
| Remove unit from queue | 10 | |
| Right click | 1294 | |
| Select / deselect | 348 | |
| Use ability | 69 | |
1918 total
» units
| Wisp | 28 | |
| Archer | 14 | |
| Huntress | 7 | |
| Glaive Thrower | 5 | |
| Hippogryph | 26 | |
| Chimaera | 10 | |
90 total
» upgrades
| Strength of the Moon | 2 | |
| Corrosive Breath | 1 | |
| Strength of the Wild | 1 | |
| Reinforced Hides | 1 | |
| Well Spring | 1 | |
| Hippogryph Taming | 1 | |
7 total
» buildings
| Altar of Elders | 1 | |
| Ancient of War | 2 | |
| Moon Well | 16 | |
| Tree of Ages | 1 | |
| Hunter's Hall | 1 | |
| Ancient of Wonders | 1 | |
| Tree of Eternity | 1 | |
| Ancient of Wind | 1 | |
| Chimaera Roost | 2 | |
| Tree of Life | 2 | |
28 total
» build order
00:12 Altar of Elders
00:20 Ancient of War
00:34 Moon Well
02:21 Ancient of War
02:55 Moon Well
03:48 Moon Well
04:44 Moon Well
05:13 Tree of Ages
05:24 Hunter's Hall
08:03 Moon Well
08:07 Moon Well
08:16 Moon Well
09:06 Moon Well
09:33 Moon Well
10:23 Moon Well
10:48 Moon Well
12:22 Moon Well
12:28 Moon Well
13:24 Moon Well
22:08 Ancient of Wonders
22:52 Moon Well
22:59 Moon Well
25:30 Tree of Eternity
25:47 Ancient of Wind
27:59 Chimaera Roost
28:41 Chimaera Roost
29:26 Tree of Life
51:02 Tree of Life
» items
| Orb of Venom | 1 | |
| Potion of Healing | 1 | |
2 total
team 2 (loser)
B_lake (
blue | 24 APM | 3226 actions | 136:44)
10 Archmage
3 Blizzard
3 Brilliance Aura
3 Summon Water Elemental
1 Mass Teleport
9 Mountain King
3 Storm Bolt
3 Bash
1 Avatar
2 Thunder Clap
» actions
| Basic commands | 75 | |
| Build / train | 216 | |
| Enter build submenu | 33 | |
| Enter hero's abilities submenu | 20 | |
| Give item / drop item | 6 | |
| Remove unit from queue | 6 | |
| Right click | 983 | |
| Select / deselect | 1579 | |
| Use ability | 308 | |
3226 total
» units
| Peasant | 47 | |
| Footman | 10 | |
| Knight | 10 | |
| Dragonhawk Rider | 27 | |
| Gryphon Rider | 21 | |
| Rifleman | 11 | |
| Siege Engine | 1 | |
127 total
» upgrades
| Lumber Harvesting | 2 | |
| Animal War Training | 1 | |
| Swords | 3 | |
| Plating | 3 | |
| Cloud | 1 | |
| Storm Hammers | 1 | |
| Masonry | 2 | |
| Long Rifles | 1 | |
| Gunpowder | 2 | |
| Barrage | 1 | |
| Fragmentation Shards | 1 | |
18 total
» buildings
| Altar of Kings | 1 | |
| Farm | 9 | |
| Barracks | 3 | |
| Keep | 3 | |
| Lumber Mill | 2 | |
| Arcane Vault | 1 | |
| Blacksmith | 1 | |
| Castle | 2 | |
| Town Hall | 9 | |
| Gryphon Aviary | 2 | |
| Workshop | 2 | |
35 total
» build order
00:06 Altar of Kings
00:10 Farm
00:20 Barracks
00:52 Farm
01:54 Farm
02:48 Farm
03:16 Keep
04:04 Lumber Mill
04:18 Arcane Vault
05:27 Blacksmith
05:37 Farm
05:45 Castle
06:27 Barracks
07:55 Farm
08:55 Farm
10:16 Town Hall
10:36 Farm
11:55 Farm
16:05 Keep
17:54 Town Hall
21:54 Keep
22:32 Lumber Mill
24:25 Gryphon Aviary
25:05 Castle
27:29 Barracks
27:52 Gryphon Aviary
31:36 Town Hall
36:13 Town Hall
53:52 Town Hall
54:59 Town Hall
75:14 Town Hall
81:16 Town Hall
98:52 Workshop
100:29 Workshop
104:53 Town Hall
» items
| Potion of Healing | 17 | |
| Scroll of Regeneration | 6 | |
| Scroll of Town Portal | 7 | |
| Orb of Fire | 1 | |
| Scroll of Healing | 4 | |
| Lesser Clarity Potion | 1 | |
| Mechanical Critter | 1 | |
| Potion of Mana | 2 | |
39 total
HumanGeneral (
purple | 18 APM | 2516 actions | 137:56)
7 Archmage
3 Summon Water Elemental
3 Blizzard
1 Mass Teleport
» actions
| Basic commands | 9 | |
| Build / train | 105 | |
| Enter build submenu | 49 | |
| Enter hero's abilities submenu | 7 | |
| Remove unit from queue | 3 | |
| Right click | 1538 | |
| Select / deselect | 682 | |
| Use ability | 122 | |
2516 total
» units
| Peasant | 31 | |
| Footman | 10 | |
| Siege Engine | 28 | |
| Flying Machine | 1 | |
70 total
» upgrades
| Masonry | 1 | |
| Lumber Harvesting | 2 | |
| Gunpowder | 1 | |
| Barrage | 2 | |
| Plating | 1 | |
7 total
» buildings
| Altar of Kings | 2 | |
| Farm | 10 | |
| Barracks | 2 | |
| Keep | 3 | |
| Lumber Mill | 1 | |
| Blacksmith | 2 | |
| Workshop | 4 | |
| Arcane Sanctum | 1 | |
| Castle | 2 | |
| Town Hall | 6 | |
| Scout Tower | 5 | |
| Arcane Vault | 1 | |
| Arcane Tower | 1 | |
| Cannon Tower | 2 | |
42 total
» build order
00:07 Altar of Kings
00:12 Farm
00:15 Barracks
00:55 Farm
01:54 Farm
02:31 Farm
03:11 Farm
03:17 Farm
04:02 Keep
04:41 Lumber Mill
04:47 Blacksmith
06:56 Workshop
07:01 Workshop
07:05 Arcane Sanctum
08:29 Castle
09:00 Farm
10:39 Farm
17:52 Farm
17:56 Farm
18:00 Altar of Kings
18:03 Town Hall
22:33 Town Hall
24:22 Barracks
25:34 Keep
28:21 Keep
30:07 Scout Tower
31:01 Arcane Vault
31:28 Arcane Tower
32:40 Blacksmith
34:41 Workshop
35:42 Workshop
36:38 Castle
37:26 Scout Tower
38:01 Cannon Tower
40:26 Town Hall
48:41 Town Hall
59:41 Scout Tower
60:13 Cannon Tower
63:39 Town Hall
63:45 Scout Tower
63:50 Scout Tower
67:03 Town Hall
» items
| Potion of Healing | 8 | |
| Potion of Mana | 1 | |
9 total
bus39 (
pink | 26 APM | 3803 actions | 146:57)
8 Blademaster
3 Critical Strike
3 Wind Walk
1 Bladestorm
1 Mirror Image
2 Dark Ranger
1 Black Arrow
1 Life Drain
1 Pandaren Brewmaster
1 Breath of Fire
» actions
| Basic commands | 87 | |
| Build / train | 144 | |
| Enter build submenu | 36 | |
| Enter hero's abilities submenu | 11 | |
| Give item / drop item | 12 | |
| Right click | 2038 | |
| Select / deselect | 1292 | |
| Use ability | 177 | |
3803 total
» units
| Peon | 20 | |
| Troll Headhunter/Berserker | 22 | |
| Demolisher | 4 | |
| Grunt | 8 | |
| Wind Rider | 27 | |
| Goblin Shredder | 6 | |
| Raider | 1 | |
| Troll Batrider | 6 | |
| Dragonhawk Rider | 1 | |
95 total
» upgrades
| Ranged Weapons | 3 | |
| Armor | 3 | |
| Troll Regeneration | 1 | |
| Envenomed Spears | 1 | |
| Backpack | 1 | |
9 total
» buildings
| Altar of Storms | 2 | |
| Barracks | 3 | |
| Orc Burrow | 10 | |
| War Mill | 5 | |
| Stronghold | 2 | |
| Great Hall | 7 | |
| Beastiary | 2 | |
| Fortress | 1 | |
| Voodoo Lounge | 2 | |
34 total
» build order
00:10 Altar of Storms
00:21 Barracks
00:26 Orc Burrow
01:41 War Mill
03:07 Orc Burrow
04:00 Orc Burrow
08:03 Stronghold
08:19 Orc Burrow
09:32 Barracks
09:34 Orc Burrow
10:40 Orc Burrow
10:43 Orc Burrow
13:02 Orc Burrow
18:33 Great Hall
21:20 Great Hall
25:46 Barracks
25:48 Altar of Storms
28:00 Stronghold
30:31 Beastiary
30:33 Beastiary
32:41 War Mill
40:11 Great Hall
43:22 Great Hall
55:44 Great Hall
57:28 Great Hall
72:23 Fortress
82:13 War Mill
83:26 Voodoo Lounge
85:20 Voodoo Lounge
91:16 War Mill
99:01 War Mill
106:51 Great Hall
110:20 Orc Burrow
116:21 Orc Burrow
» items
| Orb of Fire | 5 | |
| Potion of Healing | 6 | |
| Mechanical Critter | 5 | |
| Potion of Mana | 2 | |
| Orb of Lightning | 3 | |
| Staff of Teleportation | 1 | |
22 total
JimtheSCV (
yellow | 5 APM | 758 actions | 146:57)
2 Archmage
1 Summon Water Elemental
1 Brilliance Aura
» actions
| Basic commands | 44 | |
| Build / train | 57 | |
| ESC pressed | 13 | |
| Enter build submenu | 16 | |
| Enter hero's abilities submenu | 2 | |
| Remove unit from queue | 1 | |
| Right click | 86 | |
| Select / deselect | 499 | |
| Use ability | 40 | |
758 total
» units
| Peasant | 16 | |
| Siege Engine | 8 | |
| Flying Machine | 6 | |
| Mortar Team | 7 | |
37 total
» upgrades
| Plating | 2 | |
| Gunpowder | 3 | |
| Lumber Harvesting | 2 | |
| Barrage | 1 | |
| Backpack | 1 | |
9 total
» buildings
| Farm | 6 | |
| Altar of Kings | 1 | |
| Blacksmith | 1 | |
| Lumber Mill | 1 | |
| Scout Tower | 4 | |
| Keep | 1 | |
| Guard Tower | 4 | |
| Castle | 1 | |
| Workshop | 1 | |
20 total
» build order
00:35 Farm
00:45 Altar of Kings
01:14 Blacksmith
01:20 Lumber Mill
02:40 Farm
03:10 Scout Tower
03:27 Farm
03:38 Keep
03:45 Guard Tower
04:18 Farm
04:49 Scout Tower
05:18 Scout Tower
05:20 Guard Tower
05:25 Scout Tower
05:53 Guard Tower
06:02 Castle
06:06 Guard Tower
06:48 Workshop
07:05 Farm
11:08 Farm
Chat log
(00:06 / Allies) Royal-Scout: d
(00:17 / All) amoodhouse: Jim is mad
(00:18 / All) amoodhouse: Mad with power
(00:32 / Allies) angry-dykes: hi
(00:41 / Allies) TheMaster123456: im the master
(00:42 / Allies) TheMaster123456: we won
(00:51 / Allies) angry-dykes: fiends stats
(02:28 / Allies) TheMaster123456: alright who wants some
(02:33 / All) amoodhouse: I do
(02:34 / Allies) Royal-Scout: SOEM WHAT??
(02:43 / Allies) Royal-Scout: i do
(02:47 / All) bus39: do nwhat
(02:49 / All) bus39: what
(03:58 / Allies) angry-dykes: wtf
(04:09 / Allies) Royal-Scout: wtf green
(04:14 / Allies) angry-dykes: no wtf oj
(04:17 / All) amoodhouse: ya grean wtf
(04:23 / Allies) Royal-Scout: what did he do??
(04:25 / Allies) angry-dykes: no wtf u
(04:27 / Allies) Royal-Scout: u atk him
(04:33 / Allies) angry-dykes: xp steal and then take the item
(04:38 / Allies) Royal-Scout: so
(04:54 / Allies) Royal-Scout: were on a team chill put
(04:58 / Allies) Royal-Scout: out
(05:08 / Allies) angry-dykes: well if you dont understand why then stfu
(05:13 / All) amoodhouse: lol green r newb
(05:14 / All) HumanGeneral: D
(05:14 / All) bus39: DIE
(05:19 / All) HumanGeneral: lol
(05:21 / All) amoodhouse: rofl
(05:24 / All) HumanGeneral: newb team
(05:26 / All) HumanGeneral: ?
(05:27 / All) amoodhouse: All that work and you still fail
(05:42 / All) amoodhouse: green ur gay lol
(05:47 / Allies) Royal-Scout: wow green a wopping 2 spiders
(05:49 / Allies) angry-dykes: say some more
(05:54 / All) amoodhouse: ok, what else
(06:06 / All) amoodhouse: u sux?
(06:11 / Allies) Royal-Scout: omg now 3
(06:46 / Allies) TheMaster123456: help
(07:38 / Allies) Royal-Scout: omg guys tp
(07:38 / Allies) Royal-Scout: ty
(07:40 / Allies) TheMaster123456: where is greens base
(07:44 / Allies) Royal-Scout: 4 the los
(08:32 / Allies) Royal-Scout: guys atk them now
(09:46 / All) angry-dykes: not me yellow i got one more for ya
(09:57 / Allies) Royal-Scout: prepare for an atk'
(10:01 / Allies) Royal-Scout: on us
(10:05 / All) TheMaster123456: dddddddddddddddddddddddddddddddddddddddddddddddddddddddddddddddddddddddddddddddddddddddd
(10:08 / All) bus39: MUHAHAHAHAHAHAHA
(10:18 / All) angry-dykes: ill finish teal for you guys
(10:28 / All) HumanGeneral: k
(11:09 / All) amoodhouse: THE ENTS ARE GOING TO WAR
(11:26 / All) angry-dykes: you got gyros and archers to face the seems about it for now
(11:36 / All) angry-dykes: and there at red
(11:42 / Allies) Royal-Scout: omg oj u suck
(11:49 / Allies) Royal-Scout: u dont mass trees of life
(12:13 / Allies) Royal-Scout: come to my base
(12:17 / Allies) Royal-Scout: with ur hero
(13:17 / All) TheMaster123456: d
(13:17 / All) TheMaster123456: d
(13:18 / All) TheMaster123456: d
(13:24 / All) bus39: lol
(13:31 / Allies) angry-dykes: and there are only archers hunts and gyros at red
(13:55 / All) angry-dykes: unteched archers at that
(14:02 / All) angry-dykes: no towers
(14:22 / Allies) Royal-Scout: umm no
(14:32 / Allies) Royal-Scout: ill defend my base and then atk
(14:37 / Allies) TheMaster123456: i was just showing u
(14:41 / Allies) TheMaster123456: that guy is backstabbing
(14:44 / Allies) TheMaster123456: did u see him
(14:52 / Allies) TheMaster123456: he had steam tanks
(16:08 / All) amoodhouse: ROFL
(16:21 / All) amoodhouse: MY GOD
(16:40 / All) amoodhouse: wtf guys really wtf
(17:36 / Allies) Royal-Scout: im comin
(18:32 / All) HumanGeneral: gg
(19:09 / All) amoodhouse: Poor green
(19:14 / All) angry-dykes: lol
(19:15 / All) amoodhouse: He's really trying to BS, but he sucks at it
(19:20 / All) angry-dykes: i got cash
(19:50 / Allies) Royal-Scout: green want out?
(19:55 / All) angry-dykes: not really i screwed you guys hard a while ago the other team just hasnt finished you yet
(20:09 / All) bus39: yellow fucked us
(20:41 / All) JimtheSCV: ahahaha
(21:30 / All) JimtheSCV: attack now they are totally cripplied
(21:35 / All) JimtheSCV: :E
(21:42 / All) B_lake: why do people do this
(21:54 / All) amoodhouse: Attack you say
(21:58 / Allies) Royal-Scout: sure
(21:58 / All) HumanGeneral: D
(21:58 / All) bus39: D
(21:58 / All) HumanGeneral: D
(22:00 / All) HumanGeneral: D
(22:00 / All) HumanGeneral: D
(22:01 / All) HumanGeneral: D
(22:01 / All) HumanGeneral: D
(22:02 / All) HumanGeneral: D
(22:03 / All) HumanGeneral: D
(22:04 / All) HumanGeneral: D
(22:04 / All) HumanGeneral: D
(22:05 / All) HumanGeneral: D
(22:05 / All) amoodhouse: That's cool, let's kill them
(22:13 / All) angry-dykes: reeves is dead
(22:18 / All) JimtheSCV: indeed
(22:18 / All) amoodhouse: He deserved it
(22:24 / All) JimtheSCV: you had to be betrayed
(22:28 / All) JimtheSCV: to make you stronger i did it
(22:36 / Allies) Royal-Scout: now go\
(22:40 / All) amoodhouse: I see you green
(22:45 / All) bus39: lets play an even game let me finish off yellow first
(23:11 / All) JimtheSCV: i cant help you you killed me in your infinite wisdom
(23:12 / All) bus39: D
(23:24 / All) amoodhouse: Hey red
(23:29 / All) amoodhouse: Handle that
(23:43 / All) angry-dykes: thanks for the wells
(23:54 / All) JimtheSCV: do not dawdle they lust for revenge
(24:10 / All) JimtheSCV: one nearly has a town hall up :E
(24:21 / All) amoodhouse: Busy killing green, I hurt his feelings it seems
(24:29 / All) bus39: shut up yellow its because of u
(24:44 / Allies) angry-dykes: well i guess we could win now
(24:53 / All) JimtheSCV: if you survive then you deserve to win if not then you never deserved it
(25:13 / All) amoodhouse: So, green, is this an unholy alliance?
(25:18 / All) JimtheSCV: it is the way of things
(25:19 / Allies) angry-dykes: sure
(25:24 / All) amoodhouse: So be it
(25:33 / Allies) angry-dykes: and so it is
(25:36 / All) bus39: it seems yellow a muther fuckin bicth in a fucked up room with a small pines and no comedensce so we trys to act tough
(26:04 / All) B_lake: green you betray us now
(26:09 / All) angry-dykes: well
(26:20 / All) angry-dykes: i dont know what to say cept
(26:49 / All) HumanGeneral: gg
(27:36 / All) JimtheSCV: you should fear purp the most they researched the tanks :E
(27:48 / All) amoodhouse: the tanks that burns us like the daystar
(28:07 / All) HumanGeneral: u guys should be poets
(28:16 / Allies) angry-dykes: red
(28:36 / All) amoodhouse: This game rules
(28:42 / All) JimtheSCV: i couldve given you my money but you destroyed my precious base not even i did that to you
(28:43 / All) amoodhouse: whoever wins we lose
(28:46 / Allies) Royal-Scout: sure
(28:52 / All) B_lake: yeah you did
(28:59 / All) JimtheSCV: no i left it in tact
(29:11 / Allies) angry-dykes: red can you make a store please
(29:23 / All) JimtheSCV: inc
(29:50 / Allies) Royal-Scout: gettting chims
(30:03 / Allies) angry-dykes: can you make a store red?
(30:30 / Allies) Royal-Scout: green
(30:33 / Allies) Royal-Scout: i need money
(30:34 / Allies) angry-dykes: ?
(30:48 / Allies) Royal-Scout: all o fit
(31:02 / Allies) angry-dykes: no then why would i need a store
(31:09 / All) HumanGeneral: D
(31:09 / All) HumanGeneral: D
(31:11 / All) bus39: FU
(31:14 / All) bus39: FU
(31:16 / All) amoodhouse: I like tempting you guys with that
(33:03 / Allies) angry-dykes: run
(33:22 / Allies) Royal-Scout: chims
(34:12 / Allies) angry-dykes: we need un mounted hipps
(34:26 / Allies) Royal-Scout: i have some
(35:10 / Allies) angry-dykes: use hips
(35:44 / Allies) angry-dykes: finally i can attack air
(36:00 / Allies) amoodhouse: They are capable of steam tank production now
(36:08 / Allies) Royal-Scout: mass hips
(36:24 / All) JimtheSCV: made you strong did i
(36:27 / Allies) Royal-Scout: that wat im doin
(39:52 / Allies) angry-dykes: i got dust oj
(40:10 / All) HumanGeneral: D
(40:11 / All) bus39: SS
(40:12 / Allies) Royal-Scout: noo oj
(40:12 / All) bus39: SA
(40:13 / All) bus39: A
(40:14 / All) amoodhouse: You guys do it every time
(40:15 / All) amoodhouse: It's hilarious
(40:19 / All) amoodhouse: I like playing with you
(40:20 / All) amoodhouse: :)
(41:18 / Allies) Royal-Scout: fall back
(42:02 / All) amoodhouse: ownecd
(42:13 / All) bus39: u ass hole im gonna kill u
(42:20 / All) amoodhouse: Ok, then take that
(42:36 / Allies) angry-dykes: fix it
(43:08 / All) bus39: stop grabin my balls u fucked homo that is gay and humps and rapes animals and has sex with gorilas
(44:28 / Allies) Royal-Scout: hit now
(44:37 / Allies) amoodhouse: Purp has tanks
(44:45 / Allies) amoodhouse: Get siege
(44:57 / Allies) amoodhouse: Going northeast
(45:03 / Allies) amoodhouse: Red, watch yourself
(45:13 / Allies) angry-dykes: um guys
(45:17 / Allies) angry-dykes: this is important
(46:30 / Allies) angry-dykes: red bring hipps man
(47:26 / All) bus39: u almost killed me
(47:41 / All) angry-dykes: no shit
(47:42 / All) bus39: gold plz
(48:00 / Allies) angry-dykes: red will you use you units to please?
(48:08 / Allies) Royal-Scout: i ma
(48:10 / Allies) Royal-Scout: i am
(48:15 / Allies) Royal-Scout: later can i get some money???
(48:20 / Allies) Royal-Scout: i really need it
(48:26 / Allies) angry-dykes: expo then
(48:27 / Allies) amoodhouse: Undefended
(48:31 / Allies) amoodhouse: I have sources inside the other team
(48:54 / Allies) Royal-Scout: go
(49:26 / Allies) angry-dykes: blues i s comin again
(49:39 / Allies) Royal-Scout: i need money for a tree of life
(49:44 / Allies) Royal-Scout: gimme money plz
(49:59 / Allies) angry-dykes: uproot your tree and move him to a mine
(50:05 / Allies) Royal-Scout: green how money do u have?
(50:12 / Allies) angry-dykes: 53
(50:17 / Allies) Royal-Scout: gimme it
(50:25 / Allies) Royal-Scout: and ill sen du gold later
(50:29 / Allies) amoodhouse: :)
(50:35 / Allies) Royal-Scout: and oj gimme money!!!!!!!!!!!!!!!!!!!
(50:41 / All) bus39: muhahahhaha
(50:45 / Allies) angry-dykes: oj can i have a cloak?
(50:51 / All) HumanGeneral: lol we win
(50:52 / All) HumanGeneral: gg
(51:07 / Allies) amoodhouse: Northeast
(51:08 / Allies) amoodhouse: Red get ready
(51:20 / Allies) angry-dykes: ty now you have room for dust of appearance for pink
(51:33 / Allies) Royal-Scout: hit blue
(51:37 / Allies) Royal-Scout: hit blue
(52:14 / Allies) Royal-Scout: hipos cmoin
(52:53 / Allies) Royal-Scout: noce oj
(57:10 / Allies) amoodhouse: Kill it
(57:40 / All) angry-dykes: hahaha
(58:37 / Allies) amoodhouse: RUN AWAY
(59:06 / All) bus39: oj ur a wose
(59:31 / All) amoodhouse: I thought that was pretty ballsy myself
(59:41 / All) B_lake: got lucky
(59:50 / All) amoodhouse: I just slapped you guys in the face
(59:59 / Allies) Royal-Scout: D
(60:00 / All) bus39: haha green
(60:27 / All) Royal-Scout: ya'
(60:30 / All) HumanGeneral: k
(60:34 / All) Royal-Scout: i dare u to lose the game
(60:36 / All) HumanGeneral: truth or dare
(60:41 / Allies) angry-dykes: fuck help
(61:01 / All) HumanGeneral: i dare i too leave. i bet u money u wont
(61:05 / All) Royal-Scout: run to my base and use wells
(61:13 / Allies) angry-dykes: k
(62:06 / Allies) amoodhouse: owned
(62:11 / Allies) angry-dykes: can i have a just a touch of cash for dust of appearance please?
(62:23 / Allies) angry-dykes: ty
(63:04 / All) Royal-Scout: send heros here
(63:11 / Allies) angry-dykes: k
(63:27 / All) bus39: u guys killed my spys how dare u how could u kill pour animal spyes
(63:32 / All) HumanGeneral: D
(63:32 / All) HumanGeneral: D
(64:01 / Allies) amoodhouse: purp has 12 tanks
(64:43 / Allies) amoodhouse: Got me
(64:49 / Allies) amoodhouse: Luckily I have INSANE RESOURCES
(65:01 / Allies) angry-dykes: red are you ever going to use your chims and shit?
(65:05 / Allies) amoodhouse: Moving tanks up
(65:13 / All) bus39: my little blade master feet to fast right oj muhahahahahahahahahahahaahahahahahhahahahahahahahahahahahahhahahahahahahahahhahah
(65:20 / Allies) amoodhouse: Heading NE
(65:24 / Allies) amoodhouse: Probably hitting my expo
(66:15 / All) amoodhouse: SURPRISE COCKFACE
(67:39 / Allies) angry-dykes: blues got a lvl 5 mk now
(68:12 / All) JimtheSCV: lol good job he lost 12 steam tanks? :E
(68:22 / Allies) angry-dykes: red bring you units?
(68:33 / All) bus39: :p we will crush u
(68:58 / All) HumanGeneral: gg
(69:02 / Allies) amoodhouse: Ok, green, you can hold red
(69:07 / All) bus39: ty for lvl up red
(69:12 / All) bus39: :p
(70:15 / Allies) angry-dykes: wanna attack
(70:19 / Allies) amoodhouse: Do whatever
(72:13 / Allies) amoodhouse: incoming tanks
(72:19 / Allies) angry-dykes: where
(72:22 / Allies) amoodhouse: Dunno
(72:49 / All) bus39: oj how could u
(76:44 / All) HumanGeneral: D
(76:44 / All) HumanGeneral: D
(76:45 / All) HumanGeneral: D
(76:54 / Allies) amoodhouse: They are going to try to tp to a mech critter to bring tanks into our base
(76:57 / Allies) amoodhouse: FYI
(80:45 / Allies) amoodhouse: Run away run away
(81:07 / Allies) angry-dykes: oj?
(81:15 / Allies) amoodhouse: I'm getting bored
(81:24 / Allies) angry-dykes: me too later
(81:40 / Allies) amoodhouse: We could probably hold this for a long time
(81:45 / Allies) angry-dykes: yeah
(81:45 / Allies) amoodhouse: Maybe even win if they mine out the map
(83:21 / Allies) amoodhouse: You defend, I'll harass
(87:24 / Allies) amoodhouse: Damn, couldn't get away
(87:34 / Allies) amoodhouse: This may work to our advantage, though
(87:36 / Allies) amoodhouse: They'll strike now
(89:47 / All) JimtheSCV: im watching you idiots
(90:31 / All) JimtheSCV: lol that was a complete failure
(90:32 / All) amoodhouse: Failure must suck
(93:36 / All) B_lake: bubye
(94:49 / All) JimtheSCV: LMAO
(94:59 / All) amoodhouse: oops
(95:26 / All) amoodhouse: oh no don't kill the town I don't care about
(96:48 / All) bus39: o no dont kill the town i dont care about
(96:52 / All) amoodhouse: k
(98:57 / Allies) angry-dykes: 2 more hips
(99:40 / All) amoodhouse: Failure
(99:51 / All) bus39: shut up we will win
(100:02 / All) amoodhouse: Stop winning so well
(100:09 / All) angry-dykes: you should have along time ago
(100:10 / All) amoodhouse: It hurts :(
(100:32 / Allies) angry-dykes: look out
(100:34 / All) bus39: green u still there lol
(103:00 / Allies) amoodhouse: Just wow
(103:13 / All) amoodhouse: Don't run
(103:15 / All) amoodhouse: They have nothing
(104:10 / All) bus39: its sad i only have a little lumber i have ...
(104:15 / All) bus39: 16000
(104:20 / All) bus39: 500
(107:01 / All) JimtheSCV: lol i crippled you guys better than i thought
(107:08 / All) amoodhouse: I think they were crippled beforehand
(107:10 / All) amoodhouse: IN THE MIND LOL
(107:14 / All) JimtheSCV: lol
(107:16 / All) amoodhouse: oh god i'm funny
(107:35 / Allies) amoodhouse: We're going to win, my god
(107:42 / Allies) angry-dykes: just might
(107:49 / Allies) angry-dykes: i wish i still had my dk though
(107:52 / All) JimtheSCV: cud up in this filecloud
(107:57 / Allies) amoodhouse: sorry about that
(108:01 / Allies) amoodhouse: They stormbolted him
(108:05 / Allies) angry-dykes: just came back to see him die
(108:18 / Allies) angry-dykes: that's why i was worried about blues mk
(109:20 / All) bus39: i havested like 200000 lumber this game
(109:27 / All) JimtheSCV: and you didnt win lol
(109:29 / All) bus39: 200000
(110:06 / Allies) angry-dykes: fuck
(110:16 / Allies) angry-dykes: shoulda just ran
(110:23 / Allies) angry-dykes: or hid
(110:24 / All) JimtheSCV: :E
(110:47 / All) JimtheSCV: you shouldve let me live i wouldve helped you
(111:07 / All) JimtheSCV: would i lie?
(111:14 / All) JimtheSCV: of course not
(111:19 / All) JimtheSCV: when i have i lied to you?
(111:30 / All) amoodhouse: He seems trustworthy to me
(111:36 / All) JimtheSCV: just b/c i put a dagger in your back doenst mean i wont tell the truth
(112:22 / All) JimtheSCV: it was random you tard how could i have wanted to join the enemy team i knew you all equally
(112:53 / Allies) angry-dykes: oh so close
(112:56 / All) amoodhouse: :E
(113:24 / All) JimtheSCV: im sorry but you hurt my feelings calling me a liar
(113:41 / All) amoodhouse: He's very honest
(113:42 / All) amoodhouse: Look at him
(113:58 / All) JimtheSCV: you love me?
(113:59 / All) bus39: lol
(114:05 / All) JimtheSCV: ok that scares me
(114:10 / All) JimtheSCV: maybe i wont give you resources
(114:19 / All) JimtheSCV: you might stalk me or some shit
(115:28 / All) amoodhouse: Oh drat whatever shall i do
(115:29 / All) bus39: die oj
(115:43 / All) JimtheSCV: what is a mood house anyways
(116:39 / All) JimtheSCV: im in nepal in the fucking jungle and shit
(119:00 / All) JimtheSCV: wtf are bats
(119:24 / All) JimtheSCV: troll batriders?
(119:45 / Allies) angry-dykes: go
(119:49 / All) amoodhouse: I'll be there
(119:57 / All) JimtheSCV: why do the orcs have such sharp teeth anyways?
(120:39 / Allies) angry-dykes: get altar
(121:17 / All) JimtheSCV: welcome back purple
(122:26 / All) bus39: D
(122:26 / All) HumanGeneral: D
(122:27 / All) bus39: D
(123:07 / All) bus39: dude u spent like 10000 gold and lumber on towers
(123:12 / All) amoodhouse: LOL
(123:16 / All) amoodhouse: And I still have 10000
(124:09 / All) JimtheSCV: you know pink when youre low on money suiciding units is a bad idea
(124:18 / All) angry-dykes: LOL
(124:26 / All) amoodhouse: Thanks for that
(124:33 / All) amoodhouse: Now I'll use my thousands of gold to rebuild while you have nothing
(124:35 / All) amoodhouse: GOOD THINKING
(124:56 / Allies) angry-dykes: fuck help
(125:06 / Allies) angry-dykes: ty
(125:15 / Allies) angry-dykes: damn mk is back
(125:25 / All) JimtheSCV: things are looking bleak
(125:31 / All) JimtheSCV: perhaps you should beg for mercy
(126:29 / Allies) angry-dykes: move to here
(126:38 / All) JimtheSCV: :E
(126:44 / All) JimtheSCV: you have to survive on your own
(126:50 / All) JimtheSCV: that is the way of the sith
(127:18 / All) JimtheSCV: i am not a sith but you must become one if you are to win
(128:16 / All) bus39: y r u getin more mines
(128:18 / All) JimtheSCV: lol so close so close
(128:38 / All) JimtheSCV: who is cheating?
(129:10 / All) JimtheSCV: why was he supposed to fight with ents?
(129:16 / All) amoodhouse: LOL
(129:24 / All) JimtheSCV: um ok
(129:48 / All) JimtheSCV: a wizard should know better
(129:59 / All) bus39: bye oj
(130:31 / All) amoodhouse: Nice try
(130:33 / All) amoodhouse: But that sucked
(130:38 / All) amoodhouse: Not my towers, oh no
(130:46 / All) amoodhouse: Time to get out my backup towers
(130:50 / All) amoodhouse: lmao
(130:51 / Allies) angry-dykes: quick
(130:58 / All) bus39: u sucked my balls (mana)
(131:29 / All) JimtheSCV: if you wish to live you must submit yourselves before orange it appears he has you all by the balls
(131:42 / All) amoodhouse: With the worst strategic planning ever, I might add
(131:46 / All) amoodhouse: My original goal was to tower myself in
(131:50 / All) amoodhouse: But this was just too funny
(132:09 / All) bus39: oj just leave plz i will kill my team
(132:15 / All) amoodhouse: hahaha
(132:30 / All) JimtheSCV: only now at the end of all things do you learn the truth
(132:30 / All) bus39: plz
(132:51 / Allies) angry-dykes: nice
(133:04 / All) amoodhouse: I have 8000 gold, what should I do with it
(133:05 / All) JimtheSCV: lol final stand?
(133:07 / All) amoodhouse: Any suggestions?
(133:09 / All) JimtheSCV: you dont have any units
(133:16 / All) bus39: give it to us
(133:17 / All) JimtheSCV: buy mercs with it
(133:22 / All) amoodhouse: rofl
(133:24 / All) bus39: plz
(133:24 / All) amoodhouse: I'm at 100/100 pop
(133:30 / All) JimtheSCV: or better yet sappers
(134:19 / All) amoodhouse: What do you guys think
(134:23 / All) amoodhouse: More armies or more towers?
(134:24 / All) JimtheSCV: sappers sappers
(134:34 / All) amoodhouse: Or more toying?
(134:37 / All) amoodhouse: I could keep toying with you
(134:40 / All) amoodhouse: It's pretty fun
(134:52 / All) bus39: toying is fun
(134:59 / All) JimtheSCV: neither of them have enough money to build a town hall
(135:01 / All) bus39: dont kill bm
(135:21 / All) amoodhouse: All this gold
(135:22 / All) amoodhouse: Mmmmm
(135:24 / All) JimtheSCV: it appears the end has come
(135:31 / All) bus39: upgrade
(136:08 / All) bus39: oj come to wasp after game
(136:20 / All) bus39: ok oj
(136:54 / All) JimtheSCV: lol yes i have control once again
(137:07 / All) JimtheSCV: i beg of you yellow let me live
(137:10 / All) JimtheSCV: err oj :E
(137:12 / All) amoodhouse: hahaha
(137:17 / All) bus39: plz
(137:23 / All) bus39: plz oj
(137:28 / All) amoodhouse: Plz what?
(137:30 / All) amoodhouse: Kill you?
(137:32 / All) bus39: let me live
(137:35 / All) JimtheSCV: pink you must give me control of blue :E
(137:35 / All) amoodhouse: Put you out of your misery?
(137:50 / All) amoodhouse: Ok, green, show them your DH shininess
(137:53 / All) amoodhouse: I shall return
(137:57 / Allies) angry-dykes: k
(137:57 / All) amoodhouse: On first light of the fifth day
(137:59 / All) amoodhouse: Look to the east
(138:21 / All) JimtheSCV: lol it appears i have almost completel control what to do
(138:27 / All) amoodhouse: Dance
(138:35 / All) bus39: dancing
(139:06 / All) amoodhouse: MELEE HERO DUEL
(139:06 / All) JimtheSCV: what sacricifice can i offer to appease green
(139:08 / All) amoodhouse: FIGHT FIGHT FIGHT
(139:24 / All) amoodhouse: I will be appeased if pink's hero is slain
(140:21 / All) bus39: kill and then quit
(140:27 / All) bus39: ok
(140:53 / All) amoodhouse: Come play with me pink
(140:55 / All) amoodhouse: Come play with me
(141:01 / All) bus39: quit
(141:16 / All) JimtheSCV: will you not listen to reason green?
(141:27 / All) amoodhouse: owned
(141:29 / All) angry-dykes: noob
(141:29 / All) bus39: now quit
(141:35 / All) amoodhouse: hahahaha
(141:39 / All) amoodhouse: My god
(141:40 / All) bus39: thats the deal
(141:41 / All) amoodhouse: This game is so sad
(141:49 / All) angry-dykes: i never agreed to no deal
(141:55 / All) bus39: god what my teal sucked bad
(141:57 / All) amoodhouse: Green, we were once enemies
(142:00 / All) amoodhouse: And now we are brothers in arms
(142:06 / All) angry-dykes: no u sucked bad
(142:08 / All) amoodhouse: How times change
(142:09 / All) amoodhouse: rofl
(142:13 / All) angry-dykes: lol its true
(142:15 / All) bus39: can i help kill
(142:16 / All) amoodhouse: :E
(142:40 / All) bus39: no
(142:46 / All) JimtheSCV: you fucking idiot dont engage them
(142:48 / All) bus39: oj
(142:51 / Allies) angry-dykes: sytop
(142:55 / All) amoodhouse: Sorry, I won't even give you that, pink
(142:56 / All) amoodhouse: :E
(142:56 / Allies) angry-dykes: hes helpin us
(143:00 / All) angry-dykes: lol
(143:03 / All) angry-dykes: hes tough
(143:09 / Allies) angry-dykes: purple
(143:20 / All) bus39: wasp come plz oj we will rule warcraft together
(143:23 / All) amoodhouse: It seems yellow is up to no good
(143:25 / All) bus39: and green
(143:31 / All) amoodhouse: I will never join you
(143:37 / All) JimtheSCV: you idiot dont do that
(143:45 / All) amoodhouse: Well, I wonder where the townhall is
(143:47 / All) bus39: y not
(143:57 / All) bus39: no its mass tele
(144:07 / All) JimtheSCV: pink you idiot
(144:12 / All) amoodhouse: hahahahaha
(144:16 / All) JimtheSCV: you have impeded me for the last time
(144:17 / All) bus39: plz join me oj
(144:25 / All) amoodhouse: NO, YOU AREN'T MY FATHER
(144:28 / All) bus39: and green
(144:39 / All) bus39: plz we can rule
(144:45 / All) bus39: plz wasp
(144:52 / All) bus39: come
(145:27 / All) bus39: ok oj we will rule
(145:29 / All) JimtheSCV: at dawn look to the east
(145:33 / All) bus39: and green
(145:34 / All) amoodhouse: I WILL NOT JOIN THE DARK SIDE
(145:44 / All) JimtheSCV: AHHHHHHHHH
(145:56 / All) JimtheSCV: look to the east
(146:00 / All) JimtheSCV: noooo
(146:03 / All) bus39: im a laghtside not dark i triends to kill but i have changed
(146:04 / All) amoodhouse: No east
(146:13 / All) bus39: tryed
(146:16 / All) amoodhouse: YOU
(146:17 / All) amoodhouse: SHALL NOT
(146:18 / All) amoodhouse: PASS
(146:19 / All) bus39: plz
(146:23 / All) JimtheSCV: and now it ends as it begins in darkness
(146:29 / All) amoodhouse: indeed
(146:33 / All) amoodhouse: The way it should end
(146:36 / All) bus39: plz ur on my friends any way i wrote u down
(146:42 / All) amoodhouse: I'll never join you
(146:47 / All) bus39: plz
(146:52 / All) amoodhouse: Die, heretic
(146:55 / All) amoodhouse: Die.
(146:56 / All) angry-dykes: gg suckas